 Dungeon Crawl Stone Soup version 0.26-a0-388-gf3277c4969 (webtiles) character file.

Game seed: 17099396101098867278

50 Gargoyl the Skirmisher (level 3, -5/35 HPs)
             Began as a Gnoll Abyssal Knight on July 21, 2020.
             Was a Believer of Lugonu.
             Slain by a gnoll
             ... wielding a +0 halberd
              (6 damage)
             ... on level 2 of the Dungeon.
             The game lasted 00:02:47 (1135 turns).

Gargoyl the Skirmisher (Gnoll Abyssal Knight)       Turns: 1135, Time: 00:02:47

Health: -5/35      AC:  7    Str: 10    XL:     3   Next: 79%
Magic:  6/6        EV:  6    Int: 14    God:    Lugonu [**....]
Gold:   61         SH:  7    Dex: 15    Spells: 3/3 levels left

rFire    . . .     SeeInvis .   a - +1 hand axe
rCold    . . .     Faith    .   g - +0 kite shield
rNeg     . . .     Spirit   .   f - +0 scale mail
rPois    .         Reflect  .   (no helmet)
rElec    .         Harm     .   (no cloak)
rCorr    +                      (no gloves)
MR       .....                  (no boots)
Stlth    ..........             (no amulet)
HPRegen  0.11/turn              h - -4 ring of strength (curse)
MPRegen  0.10/turn              j - ring of resist corrosion

@: no status effects
A: distributed training, fangs 1, strong nose
a: Depart the Abyss, Bend Space, Renounce Religion


You were on level 2 of the Dungeon.
You worshipped Lugonu.
Lugonu was pleased with you.
You visited 1 branch of the dungeon, and saw 2 of its levels.
You visited the Abyss 1 time.

You collected 61 gold pieces.

Inventory:

Hand Weapons
 a - a +1 hand axe (weapon)
Armour
 f - a +0 scale mail (worn)
 g - a +0 kite shield (worn)
Jewellery
 h - a cursed -4 ring of strength (left hand)
 j - a ring of resist corrosion (right hand)
 m - an uncursed ring of flight {unknown}
Wands
 d - a wand of polymorph (12)
 e - a wand of digging (8)
Scrolls
 i - a scroll of teleportation
 k - 2 scrolls of fear
 o - a scroll of noise {unknown}
 q - a scroll of remove curse {unknown}
Potions
 b - 2 potions of lignification
 c - a potion of curing
 l - a potion of mutation {unknown}
 n - a potion of ambrosia {unknown}
 p - a potion of brilliance {unknown}


   Skills:
 + Level 6.5 Fighting
 + Level 0.9 Short Blades
 + Level 0.9 Long Blades
 + Level 4.5 Axes
 + Level 0.9 Maces & Flails
 + Level 0.9 Polearms
 + Level 0.9 Staves
 + Level 0.9 Slings
 + Level 0.9 Bows
 + Level 0.9 Crossbows
 + Level 0.9 Throwing
 + Level 4.5 Armour
 + Level 2.6 Dodging
 + Level 0.9 Stealth
 + Level 0.9 Shields
 + Level 0.9 Unarmed Combat
 + Level 0.9 Spellcasting
 + Level 0.6 Conjurations
 + Level 0.6 Hexes
   Level 0.0 Charms
 + Level 0.6 Summonings
 + Level 0.6 Necromancy
 + Level 0.6 Translocations
 + Level 0.6 Transmutations
 + Level 0.6 Fire Magic
 + Level 0.6 Ice Magic
 + Level 0.6 Air Magic
 + Level 0.6 Earth Magic
 + Level 0.6 Poison Magic
 + Level 4.6 Invocations
 + Level 0.9 Evocations


You had 3 spell levels left.
You didn't know any spells.
Your spell library was empty.

Dungeon Overview and Level Annotations

Branches:
Dungeon (2/15)

Altars:


Innate Abilities, Weirdness & Mutations

Your experience applies equally to all skills.
You have very sharp teeth.
Your uncanny sense of smell can sniff out nearby items.


Message History

The gnoll hits you from afar with a +0 spear!
You block the gnoll's attack.
Unknown command.
You hit the gnoll.
The gnoll is moderately wounded.
The gnoll hits you from afar with a +0 spear.
The gnoll hits you but does no damage.
You closely miss the gnoll.
The gnoll is moderately wounded.
The gnoll hits you from afar with a +0 spear!
* * * LOW HITPOINT WARNING * * *
Unknown command.
You hit the gnoll.
The gnoll is severely wounded.
The gnoll hits you but does no damage.
The gnoll hits you from afar with a +0 spear.
* * * LOW HITPOINT WARNING * * *
Unknown command.
The gnoll hits you with a +0 halberd.
You die...

.........# #.#
#.###....#### #.#∆
#....##.#####g#
#....#......#)#
#.###....#.<###.#g# ∆ .
#........#g.###.#.# ...
#.#.?.)..#).#...#.#....#
#.....#..#..#............
..........#.g@.....#.#....
............÷÷.......# ..
.#.######.##(#.......# #.
#...(........#
#..#.#.###.#.#∆ #..#.#.#
#.#.# #..#.#.# .#.#
#..#.#.# #. #.#.. ∆


You could see 2 gnolls.

Vanquished Creatures
  A gnoll (D:2)
  An ooze (D:1)
  A leopard gecko (D:1)
  5 giant cockroaches
  4 goblins
  A hobgoblin (D:1)
  5 jackals (D:1)
  A ball python (D:1)
  5 bats (D:1)
  3 frilled lizards
  3 kobolds
  5 rats (D:1)
35 creatures vanquished.

Notes
Turn   | Place    | Note
-------+----------+-------------------------------------------
     0 | Abyss:1  | Gargoyl the Gnoll Abyssal Knight began the quest for the
                  | Orb.
     0 | Abyss:1  | Reached XP level 1. HP: 23/23 MP: 3/3
    47 | Abyss:2  | Noticed a chaos spawn
    54 | Abyss:2  | Noticed a golden dragon skeleton
    56 | D:1      | Escaped the Abyss
    91 | D:1      | Reached * piety under Lugonu
    91 | D:1      | Reached XP level 2. HP: 29/29 MP: 5/5
   408 | D:1      | Reached XP level 3. HP: 35/35 MP: 6/6
   841 | D:2      | Reached ** piety under Lugonu
  1134 | D:2      | HP: 1/35 [gnoll/+0 spear (4)]
  1135 | D:2      | Slain by a gnoll

Illustrated notes

Levels and vault maps discovered:
D:1:      minmay_arrival_jagged, layout_loops_ring
D:2:      layout_basic

Action                   || total
-------------------------++-------
Melee: Hand axe          ||   115
       Bite              ||     7
Invok: Depart the Abyss  ||     1
  Use: Potion            ||     1
       Scroll            ||     4
Armor: Scale mail        ||    93
Dodge: Dodged            ||    47
Block: Kite shield       ||    59

Table legend: (Time is in decaauts)
 A = Elapsed time spent in this place.
 B = Non-inter-level travel time spent in this place.
 C = Inter-level travel time spent in this place.
 D = Time resting spent in this place.
 E = Time spent auto-exploring this place.
 F = Levels seen in this place.
 G = Mean time per level.
                   A        B        C        D        E       F      G
               +--------+--------+--------+--------+--------+-----+--------+
         Total |   1154 |   1154 |      0 |    220 |    540 |   4 |  288.5 |
       Dungeon |   1098 |   1098 |      0 |    220 |    528 |   2 |  549.0 |
         Abyss |     55 |     55 |      0 |      0 |     12 |   2 |   27.5 |
               +--------+--------+--------+--------+--------+-----+--------+
Top levels by time: D:1: 1003 daAuts D:2: 95 daAuts Abyss:2: 49 daAuts Abyss:1: 6 daAuts
